Map: 2000 atmosfer ER

Players

SI 1 (Bardzo łatwa)

  • Race: Zerg Zerg

Romeo - Winner!

  • Race: Terran Terran

VOD

Have the link to the VOD?

Description

Time

  • Played on: Jan. 17, 2022, 3:53 p.m.
  • Length: 21:29
Show
View Real Time Build Order
Export as new Build Order

SI 1 (Bardzo łatwa) Zerg 

Build Orders: Pool First 

Get SALT Encoding   

  12  0:01  Drone  
  13  0:12  Overlord  
  13  0:16  Drone  
  14  0:35  Spawning Pool  
  13  0:37  Extractor  
  13  0:39  Drone  
  13  0:47  Drone  
  14  0:52  Overlord  
  14  1:22  Zergling x2  
  14  1:24  Queen  
  17  1:31  Roach Warren  
  16  1:35  Drone  
  16  1:37  Extractor  
  16  1:42  Drone  
  16  1:43  Zergling x2  
  18  1:56  Drone  
  19  2:03  Zergling x2  
  19  2:07  Drone  
  21  2:18  Drone  
  22  2:29  Drone  
  23  2:31  Overlord  
  23  2:36  Drone  
  24  2:43  Drone  
  25  6:02  Roach, Drone  
  25  6:03  Overlord, Lair  
  28  6:09  Drone  
  28  6:16  Drone  
  29  6:24  Drone  
  30  6:31  Drone  
  29  6:44  Roach  
  31  7:03  Overseer x2  
  31  7:24  Hatchery  
  31  7:26  Roach  
  32  8:08  Zergling x2  
  33  8:36  Drone  
  34  8:44  Drone  
  34  8:45  Extractor  
  34  8:48  Extractor  
  33  8:51  Drone  
  34  8:58  Drone  
  35  9:05  Drone  
  36  9:12  Drone  
  37  9:19  Drone  
  38  9:27  Drone  
  39  9:34  Drone  
  40  9:41  Drone  
  41  9:48  Drone  
  42  9:55  Drone  
  43  10:03  Drone  
  44  10:10  Drone  
  44  10:11  Overlord  
  45  10:17  Drone  
  46  10:24  Drone  
  47  10:31  Drone  
  48  10:38  Drone  
  49  11:24  Pneumatized Carapace  
  49  11:25  Overseer, Infestation Pit  
  48  11:26  Overlord, Drone  
  49  11:41  Zergling x2  
  43  11:59  Overseer  
  43  12:06  Overseer, Overlord  
  43  12:08  Roach, Hive  
  45  12:34  Infestor  
  47  13:00  Infestor  
  49  13:21  Viper  
  52  13:37  Overlord, Zergling x2  
  52  13:40  Drone  
  52  13:48  Drone  
  48  14:03  Infestor  
  50  14:32  Roach  
  52  14:52  Hatchery  
  52  14:54  Drone  
  52  15:01  Zergling x2  
  53  16:18  Extractor  
  52  16:19  Drone  
  52  16:21  Extractor  
  52  16:22  Overlord  
  52  16:26  Ultralisk Cavern  
  52  16:27  Drone  
  52  16:31  Hydralisk Den  
  51  16:34  Drone  
  52  16:41  Drone  
  53  16:52  Drone  
  46  16:57  Zergling x2  
  46  16:59  Drone  
  46  17:00  Overseer  
  43  17:07  Drone  
  44  17:14  Drone  
  45  17:21  Drone  
  44  17:23  Ultralisk  
  44  17:29  Drone  
  51  17:36  Drone  
  52  17:48  Ultralisk  
  58  17:54  Drone  
  56  18:02  Drone  
  42  18:09  Drone  
  42  18:12  Hydralisk  
  40  18:16  Drone  
  43  18:23  Drone  
  44  18:30  Drone  
  45  18:38  Drone  
  46  18:41  Zergling x2  
  46  18:45  Drone  
  41  18:53  Drone  
  42  19:00  Drone  
  43  19:07  Drone, Ultralisk  
  50  19:14  Drone  
  41  19:21  Drone  
  35  19:29  Drone  
  36  19:35  Hydralisk  
  36  19:36  Drone  
  39  19:43  Drone  
  40  19:50  Drone  
  41  19:57  Drone  
  23  20:00  Ultralisk  
  23  20:05  Drone  
  25  20:12  Drone  
  19  20:19  Drone  
  19  20:26  Drone  
  25  20:33  Drone  
  22  20:40  Drone  
  22  20:41  Overseer  
  22  20:42  Overlord  
  21  20:48  Drone  
  15  20:54  Roach  
  15  20:55  Overseer  
  17  21:02  Drone  
  6  21:19  Spawning Pool  
Show
View Real Time Build Order
Export as new Build Order

Romeo Terran - Winner!

Build Orders: 2 Factory, Mech 

Get SALT Encoding   

  12  0:00  SCV  
  13  0:15  Supply Depot  
  13  0:17  SCV  
  14  0:29  Refinery  
  14  0:31  SCV  
  15  0:42  Barracks  
  15  0:46  SCV  
  16  0:59  SCV  
  17  1:11  SCV  
  18  1:30  Orbital Command  
  18  1:41  Command Center  
  18  1:57  Factory  
  18  1:58  SCV  
  19  2:10  Supply Depot  
  19  2:11  Barracks Reactor  
  19  2:14  SCV  
  20  2:20  Refinery  
  20  2:27  SCV  
  21  2:39  SCV  
  22  2:47  Factory Tech Lab  
  22  2:51  SCV  
  23  2:54  Orbital Command  
  23  3:03  Factory  
  23  3:04  Marine x2  
  25  3:07  Siege Tank  
  25  3:11  SCV  
  29  3:21  SCV  
  29  3:23  SCV  
  31  3:30  Supply Depot  
  31  3:35  Marine x2, SCV  
  31  3:39  Siege Tank  
  37  3:49  SCV x2  
  39  4:01  SCV x2  
  41  4:17  Widow Mine x2, Siege Tank  
  48  4:24  Factory  
  48  4:29  SCV x2  
  50  4:34  Refinery  
  50  4:41  SCV, Refinery  
  51  4:59  Widow Mine  
  53  5:03  SCV  
  53  5:04  Supply Depot  
  54  5:09  Widow Mine, Siege Tank, SCV  
  54  5:10  Barracks Reactor  
  60  5:16  Factory Tech Lab, Command Center  
  60  5:17  SCV  
  61  5:26  Hellion  
  61  5:27  SCV  
  61  5:28  Supply Depot  
  64  5:29  SCV  
  64  5:31  Hellion  
  67  5:41  SCV  
  68  5:49  Siege Tank  
  71  5:50  Hellion x2  
  75  5:57  Starport  
  75  5:58  SCV  
  75  5:59  SCV  
  77  6:11  SCV  
  78  6:17  Armory  
  78  6:19  Supply Depot  
  78  6:20  Engineering Bay  
  78  6:23  Supply Depot  
  78  6:28  Siege Tank, SCV x2  
  83  6:55  SCV x2  
  85  7:07  SCV  
  86  7:09  SCV  
  86  7:10  Supply Depot, SCV  
  88  7:21  Hellbat  
  88  7:22  Hellbat, Siege Tank x2  
  98  7:24  Liberator x2  
  98  7:27  SCV x3  
  107  7:32  Supply Depot x2  
  107  7:33  Supply Depot  
  107  7:34  Supply Depot  
  107  7:51  Missile Turret  
  107  8:03  Hellbat x2  
  111  8:06  Liberator x2  
  111  8:08  Thor x2  
  129  8:13  Barracks Tech Lab  
  129  8:15  Missile Turret  
  129  8:19  Factory  
  129  8:22  SCV  
  129  8:26  Supply Depot  
  132  8:28  Orbital Command  
  132  8:31  Refinery  
  130  8:35  Hellbat x2  
  134  8:42  Missile Turret  
  134  8:51  Terran Vehicle Weapons Level 1  
  134  8:58  Hellbat x2  
  134  8:59  Liberator  
  134  9:00  Liberator  
  144  9:04  Missile Turret  
  144  9:09  SCV x2  
  146  9:14  Refinery  
  146  9:15  SCV  
  147  9:18  Thor  
  147  9:21  Hellbat, SCV  
  147  9:22  Hellbat  
  147  9:23  Hellbat  
  160  9:42  Viking  
  160  9:43  Hellbat  
  164  9:52  Supply Depot  
  164  9:56  SCV  
  165  10:02  Thor, SCV x2  
  173  10:13  Thor, Viking  
  181  10:15  Thor  
  181  10:16  Supply Depot, Hellbat  
  181  10:19  Hellbat  
  181  10:21  Liberator  
  191  10:28  Terran Infantry Weapons Level 1  
  194  10:33  Fusion Core  
  194  10:34  SCV x3  
  197  10:37  Hellion  
  197  10:38  Supply Depot  
  199  10:46  SCV  
  199  10:48  Command Center  
  200  10:52  Command Center  
  200  11:16  Missile Turret  
  200  11:25  Advanced Ballistics  
  200  11:38  Missile Turret  
  200  11:40  Sensor Tower  
  200  12:20  Planetary Fortress  
  200  12:26  Hellion x17  
  200  12:34  Bunker  
  200  12:36  Missile Turret  
  200  12:40  Refinery  
  200  12:45  Supply Depot  
  200  12:51  Terran Vehicle Weapons Level 2  
  200  12:53  Terran Infantry Weapons Level 2  
  200  12:55  Weapon Refit  
  200  13:07  Planetary Fortress  
  200  13:09  Supply Depot  
  200  13:15  Missile Turret  
  200  13:18  Refinery  
  200  13:36  Missile Turret  
  200  14:07  Missile Turret  
  200  14:26  Smart Servos  
  200  14:28  Drilling Claws  
  200  14:31  Infernal Pre-Igniter  
  200  14:44  Armory  
  200  14:46  Armory  
  200  15:07  Terran Ship Weapons Level 1  
  200  15:09  Hi-Sec Auto Tracking  
  200  15:34  Terran Vehicle And Ship Armor Level 1  
  200  15:36  Terran Vehicle Weapons Level 3  
  200  15:53  Command Center  
  198  16:30  Viking  
  200  16:33  Rapid Reignition System  
  200  17:07  Command Center  
  200  17:19  Planetary Fortress  
  198  17:42  Unknown  
  198  18:22  Command Center  
  195  18:35  Planetary Fortress  
  195  18:46  Terran Ship Weapons Level 2  
  195  18:48  Terran Vehicle And Ship Armor Level 2  
  195  19:02  Hellion  
  195  19:10  Cyclone  
  198  19:18  Hellbat  
  196  20:19  Planetary Fortress  
  196  20:36  Command Center  
Tags
 
Add a new tag
Caveats
  • Supply blocks, unpowered buildings, or Contaminate may cause inaccurate times.
  • Supply counts are checked every 10 seconds.